 Dungeon Crawl Stone Soup version 0.32-a0-995-gb4a59205af (webtiles) character file.

Game seed: 5046852523518187883

100 Fodor the Covered (level 4, 0/40 HPs)
             Began as a Minotaur Fighter on Apr 22, 2024.
             Succumbed to Sigmund's poison
             ... on level 3 of the Dungeon.
             The game lasted 00:07:02 (1721 turns).

Fodor the Covered (Minotaur Fighter)                Turns: 1721, Time: 00:07:03

Health: 0/40       AC:  8    Str: 22    XL:     4   Next: 46%
Magic:  3/3        EV:  8    Int:  5    God:
Gold:   140        SH:  0    Dex: 10    Spells: 3/3 levels left

rFire   . . .        w - +0 war axe
rCold   . . .        c - +0 buckler
rNeg    . . .        b - +0 scale mail
rPois   .            (helmet restricted)
rElec   .            (no cloak)
rCorr   .            (no gloves)
SInv    .            k - +0 pair of boots
Will    .....        (no amulet) Stlth
                     (no ring)
HPRegen 0.26/turn    (no ring)
MPRegen 0.08/turn

%: no passive effects
@: confused, mighty, lethally poisoned (0 -> -9), hasted, very quick
A: horns 2, retaliatory headbutt
a: no special abilities


You were on level 3 of the Dungeon.
You visited 1 branch of the dungeon, and saw 3 of its levels.

You collected 140 gold pieces.

Inventory:

Hand Weapons
 p - a +0 sling
 w - a +0 war axe (weapon)
Armour
 b - a +0 scale mail (worn)
 c - a +0 buckler (worn)
 k - a +0 pair of boots (worn)
Scrolls
 a - 2 scrolls of identify {unknown}
 e - a scroll of poison {unknown}
 f - a scroll of torment {unknown}
 i - 2 scrolls of teleportation {unknown}
 j - a scroll of enchant armour {unknown}
Potions
 d - a potion of might
 g - 2 potions of haste
 l - a potion of berserk rage {unknown}


   Skills:
 + Level 4.3 Fighting
 + Level 4.1 Axes
 + Level 0.9 Ranged Weapons
 + Level 4.3 Armour
 + Level 0.5 Dodging
 + Level 3.9 Shields


You had 3 spell levels left.
You didn't know any spells.
Your spell library contained the following spells:

 Spells                   Type           Power      Damage    Failure   Level
 Freeze                   Ice            0%         1d3       86%         1
 Frozen Ramparts          Ice            0%         1d1       99%         3
 Hailstorm                Conj/Ice       0%         3d5       99%         3


Dungeon Overview and Level Annotations

Branches:
Dungeon (3/15)

Altars:

Annotations:
D:3 Sigmund


Innate Abilities, Weirdness & Mutations

You have a pair of horns on your head.
You reflexively headbutt those who attack you in melee.


Message History

You see here a hobgoblin corpse.
You miss something.
You feel very sick.
The rat squeaks loudly.
Something hits you.
You are more poisoned.
You closely miss something.
You feel very sick.
You hear some strange, mumbled words.
A puff of flame appears from out of thin air!
The puff of flame hits you. The rat bites you.
You hit something but do no damage. You closely miss the rat.
You feel very sick. Something hits you but does no damage.
You are lethally poisoned!
The rat closely misses you.
You barely miss something. Your headbutt misses something. You slash the rat!
You kill the rat!
* * * LOW HITPOINT WARNING * * *
You feel very sick. Something hits you.
* * * LOW HITPOINT WARNING * * *
You are more poisoned.
It was a potion of haste.
You feel yourself speed up.
* * * LOW HITPOINT WARNING * * *
You feel very sick. Something hits you.
* * * LOW HITPOINT WARNING * * *
Unknown command.
It was a potion of curing.
You feel better.
You feel very mighty all of a sudden.
You hear some strange, mumbled words.
You are confused.
You bump into the rock wall.
Something hits you.
* * * LOW HITPOINT WARNING * * *
You are lethally poisoned!
* * * LOW HITPOINT WARNING * * *
You feel sick.
You bump into the rock wall.
You die...

#... ... ..# #.#
#.## ###..#
#...{# #...##†#
.g..# #@# .## #.#
#.########
#..#.....##
##........##
#.........#
#.........#
#.....<...#
.######.........#


There were no monsters in sight!

Vanquished Creatures
  Robin (D:2)
  An adder (D:2)
  2 dart slugs
  3 orcs (D:2)
  An endoplasm (D:1)
  2 giant cockroaches (D:1)
  17 goblins
  11 hobgoblins
  3 jackals (D:1)
  4 quokkas
  3 ball pythons
  6 bats
  2 frilled lizards
  5 kobolds (D:2)
  3 rats
64 creatures vanquished.

Notes
Turn   | Place    | Note
-------+----------+-------------------------------------------
     0 | D:1      | Fodor the Minotaur Fighter began the quest for the Orb.
     0 | D:1      | Reached XP level 1. HP: 19/19 MP: 0/0
    74 | D:1      | Reached XP level 2. HP: 27/27 MP: 1/1
   671 | D:1      | Reached XP level 3. HP: 33/33 MP: 2/2
  1371 | D:2      | Reached XP level 4. HP: 40/40 MP: 3/3
  1397 | D:2      | Noticed Robin
  1408 | D:2      | Killed Robin
  1699 | D:3      | Noticed Sigmund
  1716 | D:3      | HP: 1/40 [something (4)]
  1721 | D:3      | Succumbed to Sigmund's poison

Illustrated notes

Levels and vault maps discovered:
D:1:      lemuel_arrival_hallway, layout_basic
D:2:      layout_loops_ring, columned_hall_lemuel, guppyfry_early_orc_mine,
          uniq_robin
D:3:      layout_rooms, nicolae_ru_great_annihilating_truth, feat_on_display,
          uniq_sigmund

Skill      XL: |  1  2  3  4 |
---------------+-------------+-----
Axes           | 3 4 |  4.1
Armour         | 4 |  4.3
Fighting       | 4 |  4.3
Ranged Weapons | |  0.9
Dodging        | |  0.5
Shields        | |  3.9

Action                     |  1- 3 |  4- 6 || total
---------------------------+-------+-------++-------
  Melee: War axe           |    85 |    34 ||   119
         Headbutt          |    10 |     3 ||    13
   Fire: Sling             |    11 |       ||    11
    Use: Potion            |       |     3 ||     3
 Armour: Scale mail        |    69 |    33 ||   102
  Dodge: Dodged            |    53 |    13 ||    66
  Block: Buckler           |    20 |     6 ||    26

Table legend: (Time is in decaauts)
 A = Elapsed time spent in this place.
 B = Non-inter-level travel time spent in this place.
 C = Inter-level travel time spent in this place.
 D = Time resting spent in this place.
 E = Time spent auto-exploring this place.
 F = Levels seen in this place.
 G = Mean time per level.
                   A        B        C        D        E       F      G
               +--------+--------+--------+--------+--------+-----+--------+
         Total |   1767 |   1726 |     41 |      0 |   1226 |   3 |  589.0 |
       Dungeon |   1767 |   1726 |     41 |      0 |   1226 |   3 |  589.0 |
               +--------+--------+--------+--------+--------+-----+--------+

Top non-repeatable levels by time:
     D:1: 894 daAuts
     D:2: 819 daAuts
     D:3: 53 daAuts
